 Dungeon Crawl Stone Soup version 0.31-a0-851-g7ff8af7976 (webtiles) character file.

Game seed: 4822652794517467348

197548 BinkBink the Warrior (level 18, -7/125 HPs)
             Began as a Gargoyle Fighter on Oct 6, 2023.
             Was the Champion of Hepliaklqana.
             Mangled by a slime creature (14 damage)
             ... on level 1 of the Pits of Slime.
             The game lasted 01:26:06 (36915 turns).

BinkBink the Warrior (Gargoyle Fighter)            Turns: 36915, Time: 01:26:07

Health: -7/125     AC: 39    Str: 35    XL:     18   Next: 86%
Magic:  18/18      EV:  9    Int: 11    God:    Hepliaklqana [******]
Gold:   2375       SH:  0    Dex:  9    Spells: 17/17 levels left

rFire   + . .        p - +5 flail (protect)
rCold   + . .        I - +3 warlock's mirror {omnireflect}
rNeg    + . .        N - +4 plate armour
rPois   ∞            W - +2 helmet {SInv}
rElec   +            i - +0 cloak
rCorr   +            V - +1 pair of gloves {Str+3}
SInv    +            s - +1 pair of boots
Will    +....        k - amulet of reflection Stlth
                     K - +6 ring of strength
HPRegen 0.40/turn    R - ring of resist corrosion
MPRegen 0.16/turn

%: reflection
@: confused, mighty, resistant, corroded, on berserk cooldown, flying, hasted
and slowed, studying Air Magic
A: reduced essence, sickness immunity, AC +13, big wings, negative energy
resistance 1, electricity resistance, torment resistance 1, petrification
resistance, robust 1
a: Renounce Religion, Recall Ancestor, Ancestor Identity, Transference, Idealise


You were on level 1 of the Pits of Slime.
You worshipped Hepliaklqana.
Hepliaklqana was exalted by your worship.
You visited 7 branches of the dungeon, and saw 31 of its levels.
You also visited: Gauntlet and Volcano.

You collected 2990 gold pieces.
You spent 615 gold pieces at shops.

Inventory:

Hand Weapons
 g - a +2 flail of freezing
 p - a +5 flail of protection (weapon)
 w - a +1 heavy hand axe
 X - a +5 hand cannon of draining
Armour
 i - a +0 cloak (worn)
 s - a +1 pair of boots (worn)
 I - the +3 warlock's mirror (worn) {omnireflect}
   (You bought it in a shop on level 2 of the Orcish Mines)

   Omnireflect: It can block and reflect piercing ranged attacks and magical
   attacks against the wielder's willpower.
 N - a +4 plate armour (worn)
 V - a +1 pair of gloves of strength (worn)
 W - a +2 helmet of see invisible (worn)
Jewellery
 c - a ring of protection from fire
 k - an amulet of reflection (around neck)
 x - a ring of magical power
 E - a ring of see invisible
 J - a ring of ice
 K - a +6 ring of strength (left hand)
 P - a +6 ring of strength
 R - a ring of resist corrosion (right hand)
Wands
 a - a wand of paralysis (10)
 q - a wand of iceblast (21)
 t - a wand of flame (38)
 H - a wand of mindburst (11)
 U - a wand of light (20)
 Y - a wand of polymorph (16)
Scrolls
 b - 4 scrolls of fear
 f - 3 scrolls of immolation
 h - 3 scrolls of identify
 j - 3 scrolls of torment
 o - 5 scrolls of poison
 u - 6 scrolls of revelation
 y - 2 scrolls of silence
 B - 6 scrolls of noise
 D - a scroll of fog
 F - 6 scrolls of vulnerability
 L - 3 scrolls of amnesia
 O - 5 scrolls of teleportation
 T - a scroll of blinking
Potions
 d - 4 potions of might
 e - 4 potions of lignification
 l - 5 potions of enlightenment
 m - 9 potions of curing
 n - 4 potions of brilliance
 r - 2 potions of resistance
 v - 4 potions of mutation
 z - 3 potions of haste
 A - a potion of berserk rage
 C - 10 potions of degeneration
 G - 2 potions of heal wounds
 M - 2 potions of attraction
 Q - a potion of invisibility


   Skills:
 + Level 18.3 Fighting
 - Level 14.0 Maces & Flails
 + Level 18.2 Armour
 + Level 18.2 Shields


You had 17 spell levels left.
You didn't know any spells.
Your spell library contained the following spells:

 Spells                   Type           Power      Damage    Failure   Level
 Foxfire                  Conj/Fire      0%         2x1d4     80%         1
 Magic Dart               Conj           0%         1d3       80%         1
 Call Imp                 Summ           0%         N/A       91%         2
 Ensorcelled Hibernation  Hex/Ice        0%         N/A       91%         2
 Lesser Beckoning         Tloc           0%         N/A       91%         2
 Passwall                 Tmut/Erth      0%         N/A       91%         2
 Poisonous Vapours        Pois/Air       0%         N/A       91%         2
 Inner Flame              Hex/Fire       0%         N/A       99%         3
 Mephitic Cloud           Conj/Pois/Air  0%         N/A       99%         3
 Ozocubu's Armour         Ice            0%         N/A       99%         3
 Swiftness                Air            0%         N/A       99%         3
 Volatile Blastmotes      Fire/Tloc      0%         2d10      99%         3
 Dimensional Bullseye     Hex/Tloc       0%         N/A       100%        4
 Flame Wave               Conj/Fire      0%         2d4       100%        4
 Leda's Liquefaction      Hex/Erth       0%         N/A       100%        4
 Passage of Golubria      Tloc           0%         N/A       100%        4
 Sticky Flame             Conj/Fire      0%         2d3       100%        4
 Vhi's Electric Charge    Tloc/Air       0%         N/A       100%        4
 Arcjolt                  Conj/Air       0%         1d10      100%        5
 Freezing Cloud           Conj/Ice/Air   0%         6-21      100%        5
 Lee's Rapid Deconstruct  Erth           0%         3d4*      100%        5
 Metabolic Englaciation   Hex/Ice        0%         N/A       100%        5
 Summon Forest            Summ/Tloc      0%         N/A       100%        5
 Yara's Violent Unravell  Hex/Tmut       0%         3d3       100%        5
 Bombard                  Conj/Erth      0%         9d1       100%        6
 Plasma Beam              Fire/Air       0%         2x1d10    100%        6
 Simulacrum               Ice/Necr       0%         N/A       100%        6
 Starburst                Conj/Fire      0%         6d3       100%        6
 Enfeeble                 Hex            0%         N/A       100%        7
 Maxwell's Capacitive Co  Air            0%         ∞         100%        8


Dungeon Overview and Level Annotations

Branches:
Dungeon (15/15)            Temple (1/1) D:6            Lair (5/5) D:10
 Shoals (3/4) Lair:3       Spider (2/4) Lair:3        Slime (3/5) Lair:4
    Orc (2/2) D:12            Elf (0/3) Orc:2        Vaults (0/5) D:13
 Depths (0/4) D:15        Volcano (visited)         Gauntlet (visited)

Altars:
Ashenzari
Cheibriados
Dithmenos
Elyvilon
Fedhas
Gozag
Hepliaklqana
Kikubaaqudgha
Makhleb
Nemelex Xobeh
Okawaru
Qazlal
Ru
Sif Muna
Trog
Uskayaw
Vehumet
Wu Jian
Xom
Yredelemnul
Zin
The Shining One
Jiyva
Lugonu

Shops:
Orc:2 !![*(

Portals:
Abyss: Lair:5

Annotations:
D:15 3 runed translucent doors, Pymiarph's ghost, journeyman DrMo; Zlot's ghost, journeyman GrRe
Lair:2 2 runed translucent doors, temujin's ghost, journeyman DECj
Lair:5 3 runed translucent doors, greenbourne's ghost, journeyman AtSh


Innate Abilities, Weirdness & Mutations

Your life essence is reduced to manifest your ancestor. (-10% HP)
You are immune to sickness and miasma.
Your stone body is resilient. (AC +13)
You are immune to poison.
Your large and strong wings let you fly.
You resist negative energy. (rN+)
You are resistant to electric shocks. (rElec)
You are resistant to unholy torment.
You are immune to petrification.
You are robust. (+10% HP)


Message History

* * * LOW HITPOINT WARNING * * *
The acid corrodes you!
You are splashed with acid.
You resist.
* * * LOW HITPOINT WARNING * * *
The golden eye blinks at you. x3
You feel much better. The golden eye blinks at you.
You are more confused.
The acid blob hits you but does no damage.
The slime creature hits you!
* * * LOW HITPOINT WARNING * * *
The large slime creature completely misses you.
The slime creature hits you but does no damage.
The slime creature misses you. The golden eye blinks at you. x3
The slime creature closely misses you.
You feel protected. The golden eye blinks at you.
You are more confused.
The golden eye blinks at you.
The acid blob hits you but does no damage.
The golden eye blinks!
The slime creature barely misses you.
The slime creature hits you but does no damage.
The large slime creature hits you!
* * * LOW HITPOINT WARNING * * *
The slime creature hits you but does no damage.
The golden eye blinks at you. You resist with almost no effort.
The slime creature hits you!
* * * LOW HITPOINT WARNING * * *
You feel much better. The acid blob spits acid at you.
The splash of acid hits you! You resist.
* * * LOW HITPOINT WARNING * * *
The golden eye blinks at you.
You are more confused.
The golden eye blinks!
The slime creature hits you!
* * * LOW HITPOINT WARNING * * *
The slime creature closely misses you.
The large slime creature hits you but does no damage.
The slime creature hits you!
You die...

##.........#..#
####.^............
.#.......>..#....
...............#
#..#.......#...#
##.##...........#
#....§...........
#..JJJG.........
#..J@JG........#
#...GJ#.........#
#.#...............
........G.........
#.#.#...G........
# ##........####.
.........#
.....#...#


You could see an acid blob, a large slime creature, 4 slime creatures and 5
golden eyes.

Vanquished Creatures
  Nikola (Shoals:1)
  Jorgrun (D:13)
  Rupert (Lair:3)
  2 acid blobs (Slime:3)
  An emperor scorpion (Spider:2)
  2 rockslimes (Slime:2)
  2 ghost moths (Spider:1)
  2 quicksilver oozes (Slime:1)
  A stone giant (D:15)
  A deep elf demonologist (Shoals:2)
  Azrael (D:14)
  A minotaur (Gauntlet)
  A spark wasp (Spider:1)
  A merfolk javelineer (Shoals:3)
  A merfolk impaler (Shoals:2)
  An entropy weaver (D:13)
  2 hydras
  A merfolk avatar (Shoals:1)
  A catoblepas (Shoals:2)
  An ogre mage (D:15)
  An alligator snapping turtle (Shoals:3)
  A merfolk aquamancer (Shoals:1)
  3 centaur warriors
  4 two-headed ogres
  A boulder beetle (Lair:1)
  A satyr (Shoals:2)
  A death yak (Shoals:2)
  2 tengu warriors (D:15)
  2 demonic crawlers (Spider:1)
  A hell hog (Volcano)
  2 thrashing horrors (Lair:5)
  A pharaoh ant (Spider:1)
  2 sea snakes
  A deep elf archer (Shoals:2)
  2 orb spiders (Spider:1)
  A lindwurm (shapeshifter) (D:13)
  3 deep elf pyromancers
  A lindwurm (Lair:5)
  Pikel (D:4)
  4 wolf spiders (Spider:1)
  4 orc knights
  3 deep elf zephyrmancers (Shoals:2)
  5 fauns
  3 steelbarb worms (Spider:1)
  8 manticores
  4 ugly things
  6 cyclopes
  2 moths of wrath (Spider:1)
  7 elephants
  A black mamba (Lair:2)
  5 merfolk sirens
  A water nymph (Shoals:3)
  A gargoyle (Gauntlet)
  3 smoke demons (Lair:5)
  A molten gargoyle (Gauntlet)
  2 torpor snails
  6 cane toads
  Maggie (D:7)
  3 rime drakes
  A kobold demonologist (D:12)
  8 komodo dragons
  2 ice devils (D:12)
  4 polar bears
  A tengu conjurer (D:9)
  3 wind drakes
  7 trolls
  A hornet (D:11)
  3 meliai
  2 raiju (Lair:5)
  7 merfolk
  A blink frog (shapeshifter) (Lair:5)
  A tarantella (Spider:1)
  A dream sheep (Shoals:1)
  5 snapping turtles
  Prince Ribbit (D:6)
  7 jumping spiders
  3 blink frogs (Lair:5)
  15 slime creatures
  5 shadows
  2 centaur simulacra
  6 culicivoras
  A ynoxinul (Lair:5)
  5 water elementals
  Sigmund (D:6)
  A wraith (D:10)
  Eustachio (D:5)
  3 wyverns
  53 yaks
  A chaos spawn (Lair:5)
  2 large abominations (Lair:5)
  3 steam dragons
  2 hogs (Lair:3)
  3 basilisks (Lair:5)
  A fire elemental (D:14)
  4 vampire mosquitoes (D:11)
  8 redbacks
  4 wargs
  An acid dragon (D:11)
  Edmund (D:5)
  5 hell hounds
  9 water moccasins
  Duvessa (D:4)
  2 ice beasts
  30 orc warriors
  A sky beast (D:7)
  5 ogres
  8 centaurs
  8 wolves
  A phantom (D:5)
  7 kobold brigands
  9 small abominations (Lair:5)
  13 bullfrogs
  2 gnoll sergeants (D:7)
  3 scorpions
  Dowan (D:4)
  2 hexers (Orc:1)
  3 killer bees (D:9)
  4 howler monkeys
  4 electric eels
  6 crimson imps
  3 jellies
  4 hounds
  5 gnoll boudas
  13 orc priests
  9 iguanas
  A sleepcap (D:6)
  23 orc wizards
  2 boggart simulacra
  Robin (D:2)
  23 gnolls
  10 adders
  A shadow imp (D:5)
  4 white imps (D:13)
  A dart slug (D:3)
  83 orcs
  12 bats
  4 endoplasms
  4 giant cockroaches
  18 goblins
  13 hobgoblins
  2 jackals (D:4)
  30 kobolds
  4 quokkas
  5 ball pythons
  4 frilled lizards
  6 rats
716 creatures vanquished.

Vanquished Creatures (collateral kills)
  An acid blob (Slime:2)
  Polyphemus (Shoals:2)
  A rockslime (Slime:2)
  A broodmother (Spider:1)
  A great orb of eyes (Slime:2)
  A vault guard (D:13)
  A catoblepas (Gauntlet)
  A satyr (Shoals:1)
  A hydra (Lair:3)
  2 merfolk avatars (Shoals:3)
  A death knight (D:15)
  A merfolk aquamancer (Shoals:1)
  A centaur warrior (D:15)
  5 death yaks
  A thrashing horror (Lair:5)
  3 two-headed ogres
  An orc high priest (Orc:1)
  2 skysharks (Shoals:2)
  A fire crab (Volcano)
  A deep elf archer (Shoals:2)
  A swamp dragon (shapeshifter) (Lair:5)
  2 orc knights (Orc:2)
  An orc sorcerer (Orc:2)
  A deep elf pyromancer (Shoals:2)
  An ugly thing (D:13)
  A faun (Shoals:1)
  A wolf spider (Spider:1)
  4 cyclopes
  A black mamba (Lair:1)
  A moth of wrath (Spider:1)
  3 elephants (Lair:3)
  A water nymph (Shoals:3)
  An eye of devastation (Slime:3)
  5 cane toads
  A kobold demonologist (D:12)
  3 komodo dragons
  2 trolls
  2 merfolk (Shoals:2)
  A wolf spider simulacrum (D:13)
  3 tarantellas
  A polar bear (Lair:4)
  3 meliai
  4 blink frogs (Lair:5)
  5 jumping spiders (Spider:1)
  A dream sheep (Shoals:1)
  7 slime creatures
  A wraith (D:13)
  A water elemental (Shoals:1)
  2 wyverns
  3 shadows
  3 small abominations (Lair:5)
  13 yaks
  2 vampire mosquitoes (D:12)
  A steam dragon (D:8)
  A basilisk (Lair:5)
  A warg (Orc:2)
  2 acid dragons
  A hell hound (D:14)
  A water moccasin (Lair:2)
  A swamp drake (D:12)
  2 ice beasts (D:9)
  14 orc warriors
  2 wolves
  4 centaurs (D:15)
  A kobold brigand (D:12)
  A gnoll sergeant (D:9)
  A howler monkey (D:13)
  An electric eel (D:11)
  2 crimson imps (D:13)
  2 orc priests (Orc:1)
  4 orc wizards
  27 orcs
  2 kobolds
181 creatures vanquished.

Vanquished Creatures (others)
  A sea snake (Shoals:1)
  A jumping spider (Spider:1)
  21 hexers
  5 ancestors
  2 orc wizards
  An orc (D:8)
31 creatures vanquished.

Grand Total: 928 creatures vanquished

Notes
Turn   | Place    | Note
-------+----------+-------------------------------------------
     0 | D:1      | BinkBink the Gargoyle Fighter began the quest for the Orb.
     0 | D:1      | Reached XP level 1. HP: 14/14 MP: 1/1
   136 | D:1      | Reached XP level 2. HP: 19/19 MP: 2/2
   584 | D:1      | Reached XP level 3. HP: 21/23 MP: 3/3
  1134 | D:2      | Noticed Robin
  1153 | D:2      | Reached XP level 4. HP: 20/29 MP: 4/4
  1180 | D:2      | Killed Robin
  1723 | D:3      | Reached XP level 5. HP: 33/33 MP: 5/5
  1874 | D:3      | Found a faded altar of an unknown god.
  2463 | D:4      | Reached XP level 6. HP: 30/39 MP: 6/6
  2708 | D:4      | Noticed Pikel
  2758 | D:4      | Killed Pikel
  2759 | D:4      | Reached skill level 5 in Fighting
  2759 | D:4      | Reached skill level 5 in Armour
  2759 | D:4      | Reached skill level 5 in Shields
  2759 | D:4      | Reached XP level 7. HP: 21/44 MP: 7/7
  3167 | D:4      | Noticed Dowan
  3168 | D:4      | Noticed Duvessa
  3204 | D:4      | Killed Duvessa
  3205 | D:4      | Reached XP level 8. HP: 20/51 MP: 8/8
  3209 | D:4      | Killed Dowan
  3722 | D:5      | Entered Level 5 of the Dungeon
  3780 | D:5      | Noticed Eustachio
  3885 | D:5      | Killed Eustachio
  3886 | D:5      | Reached skill level 5 in Maces & Flails
  4110 | D:4      | Identified a scroll of acquirement
  4110 | D:4      | Acquired a manual of Air Magic
  4547 | D:5      | Noticed Edmund
  4567 | D:5      | Killed Edmund
  4779 | D:5      | Reached XP level 9. HP: 54/57 MP: 9/9
  5548 | D:6      | Noticed Prince Ribbit
  5564 | D:6      | Killed Prince Ribbit
  6029 | D:6      | Found a staircase to the Ecumenical Temple.
  6029 | D:6      | Noticed Sigmund
  6040 | D:6      | Killed Sigmund
  6046 | Temple   | Entered the Ecumenical Temple
  6079 | Temple   | Became a worshipper of Hepliaklqana the Forgotten
  7514 | D:7      | Reached XP level 10. HP: 29/64 MP: 10/10
  7908 | D:7      | Noticed Maggie
  7927 | D:7      | Killed Maggie
  8752 | D:8      | Found a broken altar of Ashenzari.
  8793 | D:8      | Found an ornate altar of the Wu Jian Council.
  9091 | D:8      | Reached * piety under Hepliaklqana
  9515 | D:8      | Noticed a manticore
  9541 | D:8      | Reached XP level 11. HP: 54/63 MP: 11/11
  9547 | D:8      | Killed a manticore
  9931 | D:9      | Found an ancient bone altar of Kikubaaqudgha.
 10292 | D:9      | Found the sphere of Battle
 10303 | D:9      | Reached skill level 10 in Armour
 10303 | D:9      | Reached skill level 10 in Shields
 10469 | D:9      | Reached skill level 10 in Fighting
 11000 | D:10     | Entered Level 10 of the Dungeon
 11062 | D:10     | Found a staircase to the Lair.
 11919 | D:10     | Noticed a two-headed ogre
 12447 | D:11     | Found a sacrificial altar of Ru.
 12448 | D:11     | Noticed a cyclops
 12462 | D:11     | Killed a cyclops
 12652 | D:11     | Reached XP level 12. HP: 70/71 MP: 12/12
 13038 | D:11     | Reached ** piety under Hepliaklqana
 13040 | D:11     | Remembered your ancestor Tawil as a hexer
 13092 | D:11     | Reached skill level 10 in Maces & Flails
 13923 | D:12     | Noticed a two-headed ogre
 13927 | D:12     | Killed a two-headed ogre
 14962 | D:12     | Found a staircase to the Orcish Mines.
 15226 | D:13     | Noticed Jorgrun
 15236 | D:13     | Found a frozen archway.
 15577 | Orc:1    | Entered Level 1 of the Orcish Mines
 16475 | Orc:1    | Noticed an orc high priest
 16503 | Orc:1    | Killed an orc high priest
 16560 | Orc:2    | Entered Level 2 of the Orcish Mines
 16596 | Orc:2    | Found a radiant altar of Vehumet.
 16606 | Orc:2    | Found Idafec's Armour Emporium.
 16610 | Orc:2    | Bought the +3 warlock's mirror {omnireflect} for 440 gold
                  | pieces
 16610 | Orc:2    | Found the +3 warlock's mirror {omnireflect}
 16643 | Orc:2    | Reached XP level 13. HP: 77/77 MP: 13/13
 16908 | Orc:1    | Reached *** piety under Hepliaklqana
 16999 | Orc:2    | Found a staircase to the Elven Halls.
 18169 | Orc:2    | Found Jopokh's Distillery.
 18169 | Orc:2    | Found Rytigi's Distillery.
 18473 | Orc:2    | Found Puocel's General Store.
 18473 | Orc:2    | Found Gemulou's Weapon Boutique.
 18749 | Orc:2    | Found a shimmering blue altar of Sif Muna.
 18916 | D:13     | Noticed a vault guard
 18982 | Lair:1   | Entered Level 1 of the Lair of Beasts
 20168 | Lair:2   | Found a large runed translucent door.
 20168 | Lair:2   | Found a large runed translucent door.
 20171 | Lair:2   | Noticed temujin's ghost (journeyman DECj)
 20191 | Lair:2   | Got a black book
 20253 | Lair:2   | Reached **** piety under Hepliaklqana
 20939 | Lair:3   | Found a gate leading to a gauntlet.
 20951 | Gauntlet | Entered a Gauntlet
 20951 | Gauntlet | Found a transporter.
 20951 | Gauntlet | Found a transporter.
 20959 | Gauntlet | Found a transporter.
 20974 | Gauntlet | Found a transporter.
 20988 | Gauntlet | Found a transporter.
 21001 | Gauntlet | Found a transporter.
 21017 | Gauntlet | Found a transporter.
 21017 | Gauntlet | Found the +2 cloak of the Thief {*Fog Slay-2 SInv Stlth+}
 21083 | Gauntlet | Found a transporter.
 21098 | Gauntlet | Found a transporter.
 21114 | Gauntlet | Found a transporter.
 21126 | Gauntlet | Found a transporter.
 21129 | Gauntlet | Noticed a blizzard demon
 21215 | Gauntlet | Found a transporter.
 21225 | Gauntlet | Found a transporter.
 21235 | Gauntlet | Found a transporter.
 21259 | Gauntlet | Found a transporter.
 21271 | Gauntlet | Found a transporter.
 21348 | Gauntlet | Gained mutation: Your large and strong wings let you fly.
                  | [Gargoyle growth]
 21348 | Gauntlet | Reached XP level 14. HP: 64/84 MP: 14/14
 21738 | Gauntlet | Identified the +0 bardiche "Killer Bee's Regret" {speed,
                  | rElec}
 22256 | Gauntlet | Identified the staff "Veintuso" {rPois rC+ Str+2 Poison}
 22385 | Lair:3   | Noticed Kirke
 22633 | Lair:3   | Noticed Rupert
 22664 | Lair:3   | Killed Rupert
 22906 | Lair:3   | Reached ***** piety under Hepliaklqana
 22933 | Lair:3   | Found a staircase to the Shoals.
 23340 | Lair:3   | Found a hole to the Spider Nest.
 23502 | Lair:3   | Kirke changed into Kirke the hog
 23502 | Lair:3   | Noticed Kirke
 23506 | Lair:3   | Killed Kirke the hog
 24450 | Lair:4   | Found a viscous altar of Jiyva.
 24477 | Lair:4   | Found a staircase to the Slime Pits.
 24671 | Lair:5   | Entered Level 5 of the Lair of Beasts
 25010 | Lair:5   | Found a runed translucent gate.
 25010 | Lair:5   | Found a runed translucent gate.
 25014 | Lair:5   | Found a runed translucent gate.
 25133 | Lair:5   | Noticed greenbourne's ghost (journeyman AtSh)
 25324 | Lair:5   | Found a dark tunnel.
 25333 | Volcano  | Entered a volcano
 25734 | Lair:5   | Reached XP level 15. HP: 75/90 MP: 15/15
 26314 | Lair:5   | Found a corrupted altar of Lugonu.
 26314 | Lair:5   | Found a one-way gate to the infinite horrors of the Abyss.
 26320 | Lair:5   | Identified the +8 spear of the Evil Eye {flame, *Corrode
                  | rPois Dex-4 SInv}
 26842 | D:10     | Reached skill level 15 in Armour
 26842 | D:10     | Reached skill level 15 in Shields
 27330 | D:13     | Reached skill level 15 in Fighting
 27343 | D:13     | Found a gate to the Vaults.
 27967 | D:13     | Killed Jorgrun
 27980 | D:13     | Reached XP level 16. HP: 97/97 MP: 16/16
 27981 | D:13     | Reached XP level 17. HP: 103/103 MP: 17/17
 28276 | D:14     | Reached ****** piety under Hepliaklqana
 28402 | D:14     | Noticed Azrael
 28403 | D:14     | Found an opulent altar of Gozag.
 28426 | D:14     | Killed Azrael
 28638 | D:14     | Found a glowing silver altar of Zin.
 28851 | D:15     | Entered Level 15 of the Dungeon
 28866 | D:15     | Found a runed translucent gate.
 28867 | D:15     | Found a runed translucent gate.
 28868 | D:15     | Found a runed translucent gate.
 29421 | D:15     | Found a staircase to the Depths.
 30032 | D:15     | Noticed Zlot's ghost (journeyman GrRe)
 30032 | D:15     | Noticed Pymiarph's ghost (journeyman DrMo)
 30277 | Spider:1 | Entered Level 1 of the Spider Nest
 31450 | Spider:1 | Reached XP level 18. HP: 73/109 MP: 18/18
 32065 | Spider:1 | Identified the +3 robe of Courage {Harm rElec Dex-5}
 32496 | Shoals:1 | Entered Level 1 of the Shoals
 32642 | Shoals:1 | Noticed Nikola
 32670 | Shoals:1 | Killed Nikola
 33232 | Shoals:1 | You are sucked into a shaft and drop 1 floor!
 33408 | Shoals:2 | Noticed Polyphemus
 33468 | Shoals:2 | Killed Polyphemus
 35560 | Orc:2    | Bought a potion of heal wounds for 55 gold pieces
 35569 | Orc:2    | Bought a potion of heal wounds for 60 gold pieces
 35569 | Orc:2    | Bought a potion of heal wounds for 60 gold pieces
 35609 | Orc:2    | Gained mutation: Your muscles are strong. (Str +4, Int/Dex
                  | -1) [potion of mutation]
 35609 | Orc:2    | Gained mutation: Your body sometimes deteriorates upon
                  | taking damage. [potion of mutation]
 35609 | Orc:2    | Gained mutation: You are dopey. (Int -2) [potion of
                  | mutation]
 35610 | Orc:2    | Lost mutation: You are dopey. (Int -2) [potion of mutation]
 35610 | Orc:2    | Lost mutation: Your muscles are strong. (Str +4, Int/Dex
                  | -1) [potion of mutation]
 35610 | Orc:2    | Lost mutation: Your body sometimes deteriorates upon taking
                  | damage. [potion of mutation]
 35610 | Orc:2    | Gained mutation: You are robust. (+10% HP) [potion of
                  | mutation]
 35833 | Slime:1  | Entered Level 1 of the Pits of Slime
 36915 | Slime:1  | Mangled by a slime creature

Illustrated notes

Levels and vault maps discovered:
D:1:      tarquinn_simple_flora_water_d, layout_basic, st_stairs_6,
          minmay_small_reverse_x
D:2:      layout_basic, uniq_robin
D:3:      layout_basic, shapermc_ecumenical_altar_mp_ritualfount,
          kennysheep_generic_room_13
D:4:      layout_basic, uniq_duvessa, uniq_pikel
D:5:      wad_crossroads, layout_loops_corners, uniq_eustachio, uniq_edmund
D:6:      layout_basic, minmay_temple_entry_poolview, uniq_prince_ribbit1,
          uniq_sigmund
D:7:      kennysheep_housing_project, layout_basic, grunt_decor_mini_mirrors,
          hangedman_decor_push, uniq_maggie
D:8:      layout_basic, nicolae_overflow_squiral, special_room
          [special_room_orc]
D:9:      layout_loops_corners, amcnicky_altar_gilded,
          hellmonk_guarded_unrand_sphere_of_battle
D:10:     layout_layer_cave, hellmonk_lair_entry_icy
D:11:     layout_basic, nicolae_ru_sacrificial_ziggurat
D:12:     layout_basic, erik_orc_1
D:13:     layout_cave_pools, hellmonk_vaults_order_and_chaos, serial_ice,
          serial_ice_a, serial_ice_m, serial_ice_f, serial_ice_g,
          portal_ice_cave_demonic_guard, minmay_nine_imps, uniq_jorgrun
D:14:     layout_cave_pools, nicolae_gozag_cash_rules_everything_around_me,
          zin_treasury, uniq_azrael
D:15:     grunt_enter_depths_snipers, layout_stronghold, serial_column_ruins,
          column_ruins_square_large, column_ruins_square_large,
          column_ruins_columns_straight, column_ruins_grid_1,
          column_ruins_open_tiny, column_ruins_columns_straight,
          column_ruins_columns_straight, column_ruins_grid_2,
          nicolae_figureground_sparkle, gammafunk_ghost_cemetery
Temple:   compressed_dpeg_triangle_lava_temple
Lair:1:   layout_roguey
Lair:2:   layout_long_grid, ebering_ghost_disaster_area
Lair:3:   layout_hall_layers, shoals_dummy_entry, spider_nest_entry_a,
          gauntlet_entry_generic, uniq_rupert, uniq_kirke
Lair:4:   layout_long_grid, slime_entry_1
Lair:5:   hellmonk_lair_end_abyssal_woods, layout_regular_city,
          nicolae_volcano_entry_vermiform, gammafunk_ghost_icy
Shoals:1: layout_shoals, uniq_nikola
Shoals:2: nicolae_shoals_deep_elves_summer_vacation, layout_shoals,
          uniq_polyphemus
Shoals:3: layout_shoals
Spider:1: layout_chambers, drop_trap, hellmonk_motheaten_closet
Spider:2: layout_chambers, uniq_arachne
Slime:1:  layout_caves
Slime:2:  layout_caves
Slime:3:  layout_caves
Orc:1:    layout_caves, kennysheep_orc_chapel
Orc:2:    st_orc_town, layout_diamond_mine, basic_altar, serial_shops, shop,
          kennysheep_orc_sif_temple

Skill      XL: |  1  2  3  4  5  6  7  8  9 10 11 12 13 14 15 16 17 18 |
---------------+-------------------------------------------------------+-----
Armour         | 4 5 7 8 9 11 12 13 14 15 16 18 | 18.2
Fighting       | 4 5 7 8 9 10 12 13 14 15 16 18 | 18.3
Shields        | 4 5 7 8 9 11 12 13 14 15 16 18 | 18.2
Maces & Flails | 3 4 5 7 8 9 11 12 13 14 | 14.0

Action                     |  1- 3 |  4- 6 |  7- 9 | 10-12 | 13-15 | 16-18 || total
---------------------------+-------+-------+-------+-------+-------+-------++-------
  Melee: Flail             |   136 |   201 |   591 |  1236 |  1479 |   831 ||  4474
         Unarmed           |       |       |       |       |     6 |       ||     6
 Invoke: Recall Ancestor   |       |       |       |     3 |       |     3 ||     6
         Ancestor Life: He |       |       |       |     1 |       |       ||     1
    Use: Potion            |       |     1 |     1 |     4 |     5 |    12 ||    23
         Scroll            |       |       |    11 |    12 |    14 |     5 ||    42
   Stab: Confused          |       |       |       |     5 |    24 |     9 ||    38
         Distracted        |       |       |       |     5 |    15 |     5 ||    25
         Paralysed         |       |       |       |       |     9 |    91 ||   100
         Petrified         |       |       |       |       |     3 |     8 ||    11
 Armour: Scale mail        |   139 |   142 |   437 |   780 |       |       ||  1498
         Plate armour      |       |       |       |    31 |   814 |   569 ||  1414
         Skin              |       |       |       |       |     9 |       ||     9
  Dodge: Dodged            |   110 |    85 |   226 |   361 |   262 |   199 ||  1243
  Block: Buckler           |    45 |    91 |   356 |   686 |   968 |   463 ||  2609
         Reflection        |       |     2 |     4 |    12 |    59 |    48 ||   125
         Other             |       |       |       |       |     4 |       ||     4

Table legend: (Time is in decaauts)
 A = Elapsed time spent in this place.
 B = Non-inter-level travel time spent in this place.
 C = Inter-level travel time spent in this place.
 D = Time resting spent in this place.
 E = Time spent auto-exploring this place.
 F = Levels seen in this place.
 G = Mean time per level.
                   A        B        C        D        E       F      G
               +--------+--------+--------+--------+--------+-----+--------+
         Total |  36605 |  33453 |   3152 |    958 |  24252 |  33 | 1109.2 |
       Dungeon |  19890 |  17826 |   2064 |    315 |  13170 |  15 | 1326.0 |
        Temple |     46 |     22 |     24 |      0 |     20 |   1 |   46.0 |
          Lair |   6457 |   5865 |    592 |     24 |   4409 |   5 | 1291.4 |
        Shoals |   2786 |   2667 |    119 |    236 |   1911 |   3 |  928.7 |
   Spider Nest |   1948 |   1891 |     57 |      0 |   1559 |   2 |  974.0 |
    Slime Pits |   1026 |   1003 |     23 |     19 |    716 |   3 |  342.0 |
  Orcish Mines |   2849 |   2578 |    271 |    180 |   1518 |   2 | 1424.5 |
       Volcano |    257 |    257 |      0 |      0 |    164 |   1 |  257.0 |
      Gauntlet |   1342 |   1342 |      0 |    184 |    785 |   1 | 1342.0 |
               +--------+--------+--------+--------+--------+-----+--------+

Top non-repeatable levels by time:
    D:11: 2321 daAuts
     D:9: 1996 daAuts
    D:12: 1967 daAuts
Spider:1: 1838 daAuts
  Lair:5: 1770 daAuts
   Orc:2: 1689 daAuts
  Lair:3: 1596 daAuts
     D:7: 1594 daAuts
     D:4: 1543 daAuts
     D:8: 1480 daAuts
     D:5: 1439 daAuts
     D:6: 1420 daAuts
Gauntlet: 1342 daAuts
    D:15: 1263 daAuts
  Lair:2: 1246 daAuts
